BSA
NEW ORLEANS LOOTERS @ SPRINGFIELD STARS
07/09/2028
 
TOP OF THE 1ST
New Orleans Looters batting - Pitching for Springfield Stars : RHP Dae-ho Kim
Pitching: RHP Dae-ho Kim
Batting: SHB Arturo Sánchez 0-0: Ball
1-0: Ground out 5-3 (Groundball, 56)
Batting: RHB Rubén Vázquez 0-0: Called Strike
0-1: Ball
1-1: Ball
2-1: Reached via error on a dropped throw, E3
Batting: LHB Seung-chun Mun 0-0: Ball
1-0: Ball
2-0: Ball
3-0: Base on Balls
Rubén Vázquez to second
Batting: SHB Oliver Deleón 0-0: Called Strike
0-1: Fielders Choice at 2nd, 3-6 (Groundball, 34)
Rubén Vázquez to third
Batting: RHB Stephen Shaw 0-0: Called Strike
0-1: Foul Ball, location: 2F
0-2: Ball
1-2: Ball
2-2: Foul Ball, location: 2F
2-2: Foul Ball, location: 2F
2-2: Ground out 5-3 (Groundball, 56)
Top of the 1st over - 0 run(s), 0 hit(s), 1 error(s), 2 left on base; New Orleans 0 - Springfield 0
BOTTOM OF THE 1ST
Springfield Stars batting - Pitching for New Orleans Looters : RHP Ienobu Sato
Pitching: RHP Ienobu Sato
Batting: RHB Norberto Taváres 0-0: SINGLE (Groundball, 56D)
Batting: RHB Calvin Bennett 0-0: Ball
1-0: Called Strike
1-1: Ball
2-1: Fly out, F7 (Line Drive, 78M)
Batting: SHB Shane Hutchinson 0-0: Ball
1-0: Fly out, F7 (Flyball, 7LS)
Batting: LHB Felipe Guerrero 0-0: Ball
1-0: SINGLE (Line Drive, 89S)
Norberto Taváres to second
Batting: LHB Elliott Newell 0-0: Ball
1-0: Called Strike
1-1: Ball
2-1: Foul Ball, location: 2F
2-2: Foul Ball, location: 2F
2-2: Ball
3-2: Foul Ball, location: 2F
3-2: Foul Ball, location: 2F
3-2: SINGLE (Groundball, 6MD)
Norberto Taváres to third
Felipe Guerrero to second
Norberto Taváres scores
Felipe Guerrero to third
Batting: LHB Jesús Tobías 0-0: DOUBLE (Line Drive, 89D)
Felipe Guerrero scores
Elliott Newell to third
Batting: RHB Juan Carlos Rodríguez 0-0: Called Strike
0-1: Foul Ball, location: 2F
0-2: DOUBLE (Flyball, 7LD)
Elliott Newell scores
Jesús Tobías scores
Batting: LHB Ryan Drake 0-0: Swinging Strike
0-1: Called Strike
0-2: Ball
1-2: Fly out, F4 (Popup, 4M)
Bottom of the 1st over - 4 run(s), 5 hit(s), 0 error(s), 1 left on base; New Orleans 0 - Springfield 4
TOP OF THE 2ND
New Orleans Looters batting - Pitching for Springfield Stars : RHP Dae-ho Kim
Batting: RHB Dave O'Loan 0-0: Ball
1-0: Swinging Strike
1-1: Called Strike
1-2: Strikes out swinging, 2-3 out at first.
Batting: LHB Eduardo Rodríguez 0-0: Ball
1-0: Ball
2-0: Ball
3-0: Called Strike
3-1: Foul Ball, location: 2F
3-2: Foul Ball, location: 2F
3-2: Foul Ball, location: 2F
3-2: Ground out 3-1 (Groundball, 2R)
Batting: RHB Run-ming Zhu 0-0: Ball
1-0: Ball
2-0: Ball
3-0: Called Strike
3-1: DOUBLE (Groundball, 3L)
Batting: LHB Miguel Colón 0-0: Called Strike
0-1: Ball
1-1: Foul Ball, location: 2F
1-2: Foul Ball, location: 2F
1-2: Ball
2-2: Ground out 5-3 (Groundball, 5)
Top of the 2nd over - 0 run(s), 1 hit(s), 0 error(s), 1 left on base; New Orleans 0 - Springfield 4
BOTTOM OF THE 2ND
Springfield Stars batting - Pitching for New Orleans Looters : RHP Ienobu Sato
Batting: RHB Will Sterling 0-0: Ball
1-0: Fly out, F8 (Line Drive, 8RM)
Batting: RHB Norberto Taváres 0-0: Foul Ball, location: 2F
0-1: Ball
1-1: Foul Ball, location: 2F
1-2: Ground out 4-3 (Groundball, 4M)
Batting: RHB Calvin Bennett 0-0: Foul Ball, location: 2F
0-1: Fly out, F9 (Flyball, 89D)
Bottom of the 2nd over - 0 run(s), 0 hit(s), 0 error(s), 0 left on base; New Orleans 0 - Springfield 4
TOP OF THE 3RD
New Orleans Looters batting - Pitching for Springfield Stars : RHP Dae-ho Kim
Batting: SHB Arturo Sánchez 0-0: Called Strike
0-1: Ball
1-1: Swinging Strike
1-2: Strikes out looking
Batting: RHB Rubén Vázquez 0-0: Ball
1-0: Foul Ball, location: 2F
1-1: Ball
2-1: Foul Ball, location: 2F
2-2: Ground out 6-3 (Groundball, 6)
Batting: LHB Seung-chun Mun 0-0: Ball
1-0: SINGLE (Groundball, 4D)
Batting: SHB Oliver Deleón 0-0: Fly out, F7 (Flyball, 7S)
Top of the 3rd over - 0 run(s), 1 hit(s), 0 error(s), 1 left on base; New Orleans 0 - Springfield 4
BOTTOM OF THE 3RD
Springfield Stars batting - Pitching for New Orleans Looters : RHP Ienobu Sato
Batting: SHB Shane Hutchinson 0-0: Ball
1-0: Ball
2-0: Ball
3-0: Base on Balls
Batting: LHB Felipe Guerrero Pickoff Throw to First - Out!
0-0: Called Strike
0-1: Foul Ball, location: 2F
0-2: Foul Ball, location: 2F
0-2: Foul Ball, location: 2F
0-2: Foul Ball, location: 2F
0-2: Ball
1-2: Foul Ball, location: 2F
1-2: Ball
2-2: Ball
3-2: Base on Balls
Batting: LHB Elliott Newell 0-0: Ball
1-0: Called Strike
1-1: Called Strike
1-2: Foul Ball, location: 2F
1-2: Ball
2-2: Foul Ball, location: 2F
2-2: Fly out, F4 (Popup, 3D)
Batting: LHB Jesús Tobías 0-0: Ground out 1-3 (Groundball, 13S)
Bottom of the 3rd over - 0 run(s), 0 hit(s), 0 error(s), 1 left on base; New Orleans 0 - Springfield 4
TOP OF THE 4TH
New Orleans Looters batting - Pitching for Springfield Stars : RHP Dae-ho Kim
Batting: RHB Stephen Shaw 0-0: Called Strike
0-1: Ground out 6-3 (Groundball, 6)
Batting: RHB Dave O'Loan 0-0: Swinging Strike
0-1: Ground out 5-3 (Groundball, 56S)
Batting: LHB Eduardo Rodríguez 0-0: Called Strike
0-1: Ground out U3 (Groundball, 34)
Top of the 4th over - 0 run(s), 0 hit(s), 0 error(s), 0 left on base; New Orleans 0 - Springfield 4
BOTTOM OF THE 4TH
Springfield Stars batting - Pitching for New Orleans Looters : RHP Ienobu Sato
Batting: RHB Juan Carlos Rodríguez 0-0: Ball
1-0: Ball
2-0: Ball
3-0: Base on Balls
Batting: LHB Ryan Drake 0-0: Ball
1-0: Ball
2-0: Ball
3-0: Base on Balls
Juan Carlos Rodríguez to second
Batting: RHB Will Sterling 0-0: Swinging Strike
0-1: Ball
1-1: Foul Ball, location: 2F
1-2: Ball
2-2: Grounds into double play, 4-6-3 (Groundball, 34)
Juan Carlos Rodríguez to third
Batting: RHB Norberto Taváres 0-0: Foul Ball, location: 2F
0-1: Swinging Strike
0-2: Ground out 1-3 (Groundball, 13S)
Bottom of the 4th over - 0 run(s), 0 hit(s), 0 error(s), 1 left on base; New Orleans 0 - Springfield 4
TOP OF THE 5TH
New Orleans Looters batting - Pitching for Springfield Stars : RHP Dae-ho Kim
Batting: RHB Run-ming Zhu 0-0: Ball
1-0: Called Strike
1-1: Foul Ball, location: 2F
1-2: Foul Ball, location: 2F
1-2: Ball
2-2: Ground out 5-3 (Groundball, 5S)
Batting: LHB Miguel Colón 0-0: Swinging Strike
0-1: Ball
1-1: Swinging Strike
1-2: Ball
2-2: Foul Ball, location: 2F
2-2: Strikes out looking
Batting: SHB Arturo Sánchez 0-0: Swinging Strike
0-1: Ball
1-1: Ball
2-1: Ground out 5-3 (Groundball, 56)
Top of the 5th over - 0 run(s), 0 hit(s), 0 error(s), 0 left on base; New Orleans 0 - Springfield 4
BOTTOM OF THE 5TH
Springfield Stars batting - Pitching for New Orleans Looters : RHP Ienobu Sato
Batting: RHB Calvin Bennett 0-0: Ball
1-0: Foul Ball, location: 2F
1-1: Foul Ball, location: 2F
1-2: Ball
2-2: Foul Ball, location: 2F
2-2: Ball
3-2: Foul Ball, location: 2F
3-2: SINGLE (Groundball, 56D)
Batting: SHB Shane Hutchinson 0-0: Called Strike
0-1: Called Strike
0-2: Strikes out looking
Pitching: RHP Roy March
Batting: LHB Felipe Guerrero 0-0: Ball
1-0: Fielders Choice at 2nd, 3-6 (Groundball, 34)
Batting: LHB Elliott Newell 0-0: Called Strike
0-1: Ball
Felipe Guerrero steals 2nd base
1-1: Swinging Strike
1-2: Ball
2-2: Strikes out swinging
Bottom of the 5th over - 0 run(s), 1 hit(s), 0 error(s), 1 left on base; New Orleans 0 - Springfield 4
TOP OF THE 6TH
New Orleans Looters batting - Pitching for Springfield Stars : RHP Dae-ho Kim
Batting: RHB Rubén Vázquez 0-0: Foul Ball, location: 2F
0-1: Ball
1-1: Foul Ball, location: 2F
1-2: Ball
2-2: Ball
3-2: Ground out U3 (Groundball, 3L)
Batting: LHB Seung-chun Mun 0-0: Called Strike
0-1: Ball
1-1: Ball
2-1: Ball
3-1: Base on Balls
Batting: SHB Oliver Deleón 0-0: Called Strike
Balk!
Seung-chun Mun to second
0-1: Swinging Strike
0-2: Ball
1-2: Foul Ball, location: 2F
1-2: SINGLE (Line Drive, 7S)
Seung-chun Mun to third
Batting: RHB Stephen Shaw 0-0: Fly out, F7 (Flyball, 78S)
Batting: RHB Dave O'Loan 0-0: Ball
1-0: Swinging Strike
1-1: Swinging Strike
1-2: Ball
2-2: Foul Ball, location: 2F
2-2: Ball
3-2: DOUBLE (Flyball, 7LD)
Seung-chun Mun scores
Oliver Deleón to third
Oliver Deleón scores
Pitching: RHP Luis Cortéz
Batting: LHB Eduardo Rodríguez 0-0: Ball
1-0: Swinging Strike
1-1: Ball
2-1: Ball
3-1: Base on Balls
Batting: RHB Run-ming Zhu 0-0: Fly out, F8 (Flyball, 8LXD)
Top of the 6th over - 2 run(s), 2 hit(s), 0 error(s), 2 left on base; New Orleans 2 - Springfield 4
BOTTOM OF THE 6TH
Springfield Stars batting - Pitching for New Orleans Looters : RHP Roy March
Batting: LHB Jesús Tobías 0-0: Ball
1-0: Ground out U3 (Groundball, 34)
Batting: RHB Juan Carlos Rodríguez 0-0: Ball
1-0: Fly out, F7 (Flyball, 7LMF)
Batting: LHB Ryan Drake 0-0: Ball
1-0: Ball
2-0: Called Strike
2-1: Ground out 3-1 (Groundball, 34)
Bottom of the 6th over - 0 run(s), 0 hit(s), 0 error(s), 0 left on base; New Orleans 2 - Springfield 4
TOP OF THE 7TH
New Orleans Looters batting - Pitching for Springfield Stars : RHP Luis Cortéz
Batting: LHB Miguel Colón 0-0: Ball
1-0: Ball
2-0: Called Strike
2-1: Called Strike
2-2: Ball
3-2: Base on Balls
Batting: SHB Arturo Sánchez 0-0: Ball
1-0: 2-RUN HOME RUN (Flyball, 89XD), Distance : 402 ft
Pitching: LHP Shan Liu
Batting: RHB Rubén Vázquez 0-0: Called Strike
0-1: Called Strike
0-2: Strikes out swinging
Batting: LHB Seung-chun Mun 0-0: Foul Ball, location: 2F
0-1: Ball
1-1: Ball
2-1: Swinging Strike
2-2: Hit by Pitch
Batting: SHB Oliver Deleón 0-0: Foul Ball, location: 2F
0-1: Fly out, F8 (Flyball, 89S)
Batting: RHB Stephen Shaw 0-0: Ball
1-0: Called Strike
1-1: Foul Ball, location: 2F
1-2: Foul Ball, location: 2F
1-2: DOUBLE (Line Drive, 89XD)
Seung-chun Mun to third
Runner from 3rd tries for Home, SAFE, no throw
Pitching: RHP José Valdéz
Pinch Hitting: LHB Taylor Smith 0-0: Ball
1-0: Ball
2-0: Foul Ball, location: 2F
2-1: Swinging Strike
2-2: SINGLE (Groundball, 56D)
Stephen Shaw to third
Runner from 3rd tries for Home, SAFE, no throw
Pitching: LHP Jeremy Meyer
Batting: LHB Eduardo Rodríguez 0-0: Ball
1-0: Called Strike
1-1: Ball
2-1: Foul Ball, location: 2F
2-2: Strikes out looking
Top of the 7th over - 4 run(s), 3 hit(s), 0 error(s), 1 left on base; New Orleans 6 - Springfield 4
BOTTOM OF THE 7TH
Springfield Stars batting - Pitching for New Orleans Looters : RHP Roy March
Now at SS: Tim Gardner
Batting: RHB Will Sterling 0-0: Called Strike
0-1: Ground out 5-3 (Groundball, 56S)
Batting: RHB Norberto Taváres 0-0: Ball
1-0: Called Strike
1-1: Ball
2-1: Foul Ball, location: 2F
2-2: Ball
3-2: SINGLE (Line Drive, 4D)
Batting: RHB Calvin Bennett 0-0: Foul Ball, location: 2F
0-1: Fly out, F6 (Flyball, 6MD)
Batting: SHB Shane Hutchinson 0-0: Foul Ball, location: 2F
0-1: Ball
1-1: Ball
2-1: Swinging Strike
2-2: Ball
3-2: Fly out, F9 (Flyball, 9D)
Bottom of the 7th over - 0 run(s), 1 hit(s), 0 error(s), 1 left on base; New Orleans 6 - Springfield 4
TOP OF THE 8TH
New Orleans Looters batting - Pitching for Springfield Stars : LHP Jeremy Meyer
Batting: RHB Run-ming Zhu 0-0: Swinging Strike
0-1: Called Strike
0-2: Hit by Pitch
Pitching: RHP Jorge Delgado
Batting: LHB Miguel Colón 0-0: Sac Bunt - play at first, batter OUT! 5-3
Run-ming Zhu to second
Batting: SHB Arturo Sánchez 0-0: Foul Ball, location: 2F
0-1: Foul Ball, location: 2F
0-2: Strikes out looking
Batting: RHB Rubén Vázquez 0-0: Ball
1-0: Ground out 6-3 (Groundball, 6)
Top of the 8th over - 0 run(s), 0 hit(s), 0 error(s), 1 left on base; New Orleans 6 - Springfield 4
BOTTOM OF THE 8TH
Springfield Stars batting - Pitching for New Orleans Looters : RHP Roy March
Batting: LHB Felipe Guerrero 0-0: Called Strike
0-1: Foul Ball, location: 2F
0-2: SINGLE (Flyball, 78S)
Pitching: LHP Tadao Yoshida
Batting: LHB Elliott Newell 0-0: Ball
1-0: Fly out, F8 (Flyball, 8LD)
Pitching: RHP Juan Flores
Batting: LHB Jesús Tobías 0-0: Called Strike
0-1: Fielders Choice at 2nd, 4-6 (Groundball, 4)
Pitching: RHP Edward Baker
Batting: RHB Juan Carlos Rodríguez 0-0: Fly out, F5 (Popup, 56D)
Bottom of the 8th over - 0 run(s), 1 hit(s), 0 error(s), 1 left on base; New Orleans 6 - Springfield 4
TOP OF THE 9TH
New Orleans Looters batting - Pitching for Springfield Stars : RHP Jorge Delgado
Batting: LHB Seung-chun Mun 0-0: Ball
1-0: Foul Ball, location: 2F
1-1: Foul Ball, location: 2F
1-2: Ball
2-2: Ball
3-2: Base on Balls
Batting: SHB Oliver Deleón 0-0: Ball
1-0: Called Strike
1-1: Foul Ball, location: 2F
1-2: Foul Ball, location: 2F
1-2: Fly out, F7 (Flyball, 78M)
Batting: RHB Stephen Shaw 0-0: Ball
1-0: Swinging Strike
1-1: Called Strike
1-2: Strikes out looking
Batting: RHB Tim Gardner 0-0: Fielders Choice at 2nd, 5-4 (Groundball, 5)
Top of the 9th over - 0 run(s), 0 hit(s), 0 error(s), 0 left on base; New Orleans 6 - Springfield 4
BOTTOM OF THE 9TH
Springfield Stars batting - Pitching for New Orleans Looters : RHP Edward Baker
Pitching: LHP Juan Méndez
Batting: LHB Ryan Drake 0-0: Ball
1-0: Called Strike
1-1: Ground out 4-3 (Groundball, 4MS)
Batting: RHB Will Sterling 0-0: Ball
1-0: SINGLE (Groundball, 4MD)
Batting: RHB Norberto Taváres 0-0: Ball
1-0: Ball
2-0: Ball
3-0: Called Strike
3-1: Foul Ball, location: 2F
3-2: Base on Balls
Will Sterling to second
Pinch Runner at 2nd Richard Bankhead:
Batting: RHB Calvin Bennett 0-0: Called Strike
0-1: Ball
1-1: Foul Ball, location: 2F
1-2: Ball
2-2: Ball
3-2: SINGLE (Groundball, 6D)
Richard Bankhead to third
Norberto Taváres to second
Runner from 3rd tries for Home, SAFE, no throw
Batting: SHB Shane Hutchinson 0-0: Ball
1-0: Called Strike
1-1: Ball
2-1: Ball
3-1: Base on Balls
Norberto Taváres to third
Calvin Bennett to second
Batting: LHB Felipe Guerrero 0-0: SINGLE (Groundball, 34D)
Norberto Taváres scores
Calvin Bennett to third
Shane Hutchinson to second
Runner from 3rd tries for Home, SAFE, no throw
Tuesday, August 8th, 2017 - OOTP Baseball 17.12 Build 75